 Dungeon Sprint DCSS version 0.19.5 (webtiles) character file.

164 Lexie the Basher (level 5, -1/53 HPs)
             Began as an Ogre Hunter on June 1, 2017.
             Was an Initiate of Okawaru.
             Slain by a hill giant
             ... wielding a +0 giant club
              (28 damage)
             ... in the Dungeon (Sprint IX: "|||||||||||||||||||||||||||||").
             The game lasted 00:01:36 (337 turns).

Lexie the Basher (Ogre Hunter)                       Turns: 337, Time: 00:01:37

Health: -1/53      AC:  4    Str: 21    XL:     5   Next: 45%
Magic:  5/5        EV: 12    Int: 10    God:    Okawaru [......]
Gold:   0          SH:  0    Dex: 10    Spells: 0 memorised, 4 levels left

rFire  . . .     SeeInvis .     q - +2 dire flail (crush)
rCold  . . .     Gourm    .     b - +0 robe
rNeg   . . .     Faith    .     (shield currently unavailable)
rPois  .         Spirit   .     (helmet restricted)
rElec  .         Reflect  .     r - +0 cloak
rCorr  .         Harm     .     (gloves unavailable)
MR     .....     NoTele   +     (boots unavailable)
Stlth  +.........               (no amulet)
                                t - +2 ring of evasion
                                s - +3 ring of strength

@: very slightly contaminated, hasted, very quick
A: unfitting armour, tough skin 1
a: Renounce Religion


You were in the Dungeon.
You worshipped Okawaru.
Okawaru was noncommittal.
You were not hungry.

You visited 1 branch

Inventory:

Hand Weapons
 a - a +0 short sword
 l - a +0 club
 q - a +2 dire flail of crushing (weapon)
Missiles
 c - 3 large rocks (quivered)
 d - 2 throwing nets
Armour
 b - a +0 robe (worn)
 r - a +0 cloak (worn)
Jewellery
 s - a +3 ring of strength (left hand)
 t - a +2 ring of evasion (right hand)
Wands
 p - a wand of iceblast (7/15)
Scrolls
 k - 2 scrolls of blinking
 n - 3 scrolls of remove curse
 o - 2 scrolls of amnesia
Potions
 e - 5 potions of curing
 g - a potion of heal wounds
 i - 4 potions of magic
 m - a potion of invisibility
Comestibles
 f - a bread ration
 j - 3 chunks of flesh


   Skills:
 - Level 3.0 Fighting
 - Level 0.6 Short Blades
 + Level 12.5 Maces & Flails
 - Level 5.0 Throwing
 - Level 2.0 Dodging
 - Level 0.6 Stealth


You had 4 spell levels left.
You didn't know any spells.

Dungeon Overview and Level Annotations

Branches:
Dungeon (1/1)

Altars:
Cheibriados
Dithmenos
Elyvilon
Fedhas
Gozag
Hepliaklqana
Kikubaaqudgha
Makhleb
Nemelex Xobeh
Okawaru
Qazlal
Ru
Sif Muna
Trog
Uskayaw
Vehumet
Xom
Yredelemnul
Zin
The Shining One
Beogh
Jiyva
Lugonu


Innate Abilities, Weirdness & Mutations

You are too large for most types of armour.
You have tough skin. (AC +1)


Message History

Okawaru is honoured by your kill.
Your Maces & Flails skill gained 3 levels and is now at level 12!
You have reached level 5!
You feel much better.
Throwing (i - inventory. (,) - cycle):
c - 5 large rocks (quivered)
Press: ? - help, Shift-Dir - straight line, f - hill giant
Aim: a hill giant, wielding a giant club You throw a large rock.
The large rock hits the hill giant!
The hill giant is moderately wounded.
The hill giant hits you with a giant club.
Throwing (i - inventory. (,) - cycle):
c - 4 large rocks (quivered)
Press: ? - help, Shift-Dir - straight line, f/p - hill giant
Aim: a hill giant, wielding a giant club (moderately wounded)
You throw a large rock. The large rock hits the hill giant!
The hill giant is moderately wounded.
You hit the hill giant.
The hill giant is heavily wounded.
The hill giant hits you with a giant club!!
Ouch! That really hurt!
You die... ▓▓▓▓▓▓▓▓▓▓▓▓▓▓▓▓▓▓▓▓▓▓▓▓ ______.'..|).[[.@CrsS.Z. ▓▓▓▓▓▓▓▓▓▓▓▓▓▓▓▓▓▓▓▓▓▓▓▓

You could see a hill giant, a scorpion, an adder, a quokka and an adder skeleton.

Vanquished Creatures
  A sky beast (D)
  A crimson imp (D)
  An iguana (D)
  A bat (D)
  2 giant cockroaches (D)
  A goblin (D)
  A hobgoblin (D)
  A quokka (D)
  A ball python skeleton (D)
  A kobold (D)
11 creatures vanquished.

Notes
Turn   | Place    | Note
-------+----------+-------------------------------------------
     0 | D        | Lexie the Ogre Hunter began the quest for the Orb.
     0 | D        | Reached XP level 1. HP: 22/22 MP: 1/1
    30 | D        | Reached skill level 5 in Throwing
   238 | D        | Noticed an iguana
   238 | D        | Noticed a crimson imp
   241 | D        | Killed an iguana
   241 | D        | Reached skill level 6 in Maces & Flails
   241 | D        | Reached XP level 2. HP: 31/31 MP: 2/2
   241 | D        | Reached XP level 3. HP: 37/37 MP: 3/3
   247 | D        | Reached skill level 8 in Maces & Flails
   247 | D        | Reached XP level 4. HP: 45/45 MP: 4/4
   256 | D        | Reached skill level 9 in Maces & Flails
   266 | D        | Found a roughly hewn altar of Beogh.
   266 | D        | Found a snail-covered altar of Cheibriados.
   266 | D        | Found a shadowy altar of Dithmenos.
   266 | D        | Found a white marble altar of Elyvilon.
   266 | D        | Found a blossoming altar of Fedhas.
   266 | D        | Found an opulent altar of Gozag.
   267 | D        | Found a hazy altar of Hepliaklqana.
   268 | D        | Found a viscous altar of Jiyva.
   269 | D        | Found an ancient bone altar of Kikubaaqudgha.
   270 | D        | Found a corrupted altar of Lugonu.
   271 | D        | Found a burning altar of Makhleb.
   272 | D        | Found a sparkling altar of Nemelex Xobeh.
   273 | D        | Found an iron altar of Okawaru.
   274 | D        | Found a stormy altar of Qazlal.
   275 | D        | Found a sacrificial altar of Ru.
   276 | D        | Found a deep blue altar of Sif Muna.
   277 | D        | Found a bloodstained altar of Trog.
   278 | D        | Found a hide-covered altar of Uskayaw.
   279 | D        | Found a radiant altar of Vehumet.
   280 | D        | Found a shimmering altar of Xom.
   281 | D        | Became a worshipper of Warmaster Okawaru
   282 | D        | Found a basalt altar of Yredelemnul.
   283 | D        | Found a glowing silver altar of Zin.
   284 | D        | Found a glowing golden altar of the Shining One.
   319 | D        | Noticed a sky beast
   319 | D        | Noticed a hill giant
   333 | D        | Killed a sky beast
   333 | D        | Reached skill level 12 in Maces & Flails
   333 | D        | Reached XP level 5. HP: 15/53 MP: 5/5
   337 | D        | Slain by a hill giant

Skill      XL: |  1  2  3  4 |
---------------+-------------+-----
Dodging        | 2 |  2.0
Fighting       | 3 |  3.0
Throwing       | 5 |  5.0
Maces & Flails | 6 8 12 | 12.5
Short Blades   | |  0.6
Stealth        | |  0.6

Action                   |  1- 3 |  4- 6 || total
-------------------------+-------+-------++-------
Melee: Short sword       |    34 |     9 ||    43
       Dire flail        |       |    13 ||    13
Throw: Large rock        |       |     2 ||     2
  Use: Potion            |     1 |     3 ||     4
Armor: Robe              |    10 |     2 ||    12
Dodge: Dodged            |    18 |     6 ||    24
